 Dungeon Crawl Stone Soup version 0.18.1-48-g4cf74bf (webtiles) character file.

1974 Lennu the Shield-Bearer (level 9, 69/69 HPs)
             Began as a Formicid Fighter on June 27, 2016.
             Quit the game on level 5 of the Dungeon on June 28, 2016.
             The game lasted 00:33:40 (5870 turns).

Lennu the Shield-Bearer (Formicid Fighter)          Turns: 5870, Time: 00:33:40

Health: 69/69      AC: 10    Str: 24      XL:     9   Next: 43%
Magic:  9/9        EV: 11    Int:  8      God:
Gold:   272        SH: 11    Dex:  8 (10) Spells: 0 memorised, 8 levels left

rFire  . . .     SeeInvis +     h - +3 whip (freeze)
rCold  . . .     Gourm    .     b - +0 scale mail
rNeg   . . .     Faith    .     c - +0 shield
rPois  .         Spirit   .     (helmet unavailable)
rElec  .         Dismiss  .     (no cloak)
rCorr  .         Reflect  .     m - +1 pair of gloves
SustAt .         Harm     .     (no boots)
MR     .....                    (no amulet)
Stlth  ..........               (no ring)
                                (no ring)

@: not resistant to hostile enchantments, extremely unstealthy
A: permanent stasis, dig shafts and tunnels, four strong arms, antennae 3
a: Dig, Shaft Self


You were on level 5 of the Dungeon.
You were full.

You visited 1 branch of the dungeon, and saw 5 of its levels.
You also visited: Sewer.

You collected 272 gold pieces.

Inventory:

Hand Weapons
 a - a +0 flail
 d - a +0 dire flail
 h - a +3 whip of freezing (weapon)
 r - a +0 morningstar
 v - a +2 shortbow of velocity
Missiles
 w - 74 arrows
Armour
 b - a +0 scale mail (worn)
 c - a +0 shield (worn)
 m - a +1 pair of gloves (worn)
 s - a +0 leather armour of cold resistance
Wands
 C - a wand of lightning (6/15)
Scrolls
 g - 2 scrolls of teleportation
 j - a scroll of remove curse
 k - a scroll of random uselessness
 l - 3 scrolls of identify
 x - a scroll of blinking {unknown}
 y - a scroll of magic mapping {unknown}
 B - a scroll of noise {unknown}
Potions
 e - 4 potions of flight
 f - a potion of resistance {unknown}
 i - a potion of berserk rage {unknown}
 n - 3 potions of haste
 u - 2 potions of curing
 A - 2 potions of heal wounds {unknown}
Books
 t - Kikubaaqudgha's Guide on Evil
   (You found it on level 4 of the Dungeon)

   Spells                             Type                      Level
   a - Animate Skeleton               Necromancy                   1
Comestibles
 o - 5 fruits
 p - 3 beef jerkies
 q - 2 meat rations
 z - a slice of pizza


   Skills:
 * Level 5.9 Fighting
 * Level 5.0 Maces & Flails
 * Level 6.7 Armour
 * Level 5.1 Dodging
 * Level 7.7 Shields


You had 8 spell levels left.
You didn't know any spells.

Dungeon Overview and Level Annotations

Branches:
Dungeon (5/15)
 Temple: D:4-7

Altars:
Cheibriados
Kikubaaqudgha
Pakellas
Sif Muna
Trog
Vehumet


Innate Abilities, Weirdness & Mutations

You are under a permanent stasis effect.
You can dig through walls and to a lower floor.
Your four strong arms can wield two-handed weapons with a shield.
You have a pair of large antennae on your head (SInv).


Message History

You block the water moccasin zombie's attack.
You hit the water moccasin zombie. The water moccasin zombie bites you.
You hit the water moccasin zombie.
You destroy the water moccasin zombie!
You see here 18 stones.
There is a stone staircase leading up here.
There is a stone staircase leading down here.
Items here: ))) [ a robe; a dagger; a mace; a dagger Done exploring.
Done exploring.
You don't know any spells.
Press: ? - help, v - describe, . - travel A snail-covered altar of Cheibriados.
There is a snail-covered altar of Cheibriados here.
You kneel at the altar of Cheibriados.
Save game and exit?
Welcome back, Lennu the Formicid Fighter.
Press ? for a list of commands and other information.
Are you sure you want to abandon this character and quit the game? (Confirm with "yes".)

####.#.##....#..........#...#####
.....#.################.#.......#
####.#รท# #.[...##.#.#####.#
...#.#.#########.###.##.#..#..#..
##.#.#.##..........#.##.##.#..###
.....#.##.######.#.#.##.#..#..###
##.###.##.# #.#.#.......#..##.
#.# #.##.# #.#.####.#..#..##. #.#
#.##.# #@..# ##.####..##. #.#
#.##.# #._.# #........##) #.#
#.##.######...# #######.###) #.#
#.##..........# #.# #. #.#
#.###########.# #.# #. #.#
#.............# #.# #. #.#
############### #.# #. #.# #.####
#.# #...).


There were no monsters in sight!

Vanquished Creatures
  The ghost of Goudai the Magician, a novice GrWz of Vehumet (D:4)
  Eustachio (D:5)
  Edmund (D:4)
  4 ogres (D:4)
  2 centaurs (D:5)
  Blork the orc (D:5)
  2 giant frogs (Sewer)
  A water moccasin zombie (D:5)
  A scorpion (D:5)
  A crimson imp (D:5)
  A hound (D:4)
  An orc priest (D:5)
  A centaur skeleton (D:4)
  2 gnoll shamans
  A jelly (D:5)
  An orc wizard (D:5)
  2 worker ants
  Terence (D:3)
  A hound zombie (D:5)
  14 gnolls
  9 adders
  A river rat (D:5)
  4 oozes
  6 worms
  2 dart slugs (D:3)
  7 giant geckos
  7 orcs
  6 ball pythons
  7 bats
  9 giant cockroaches
  7 goblins
  6 hobgoblins (D:1)
  6 jackals
  6 kobolds
  4 quokkas
  8 giant newts
  8 rats
143 creatures vanquished.

Notes
Turn   | Place    | Note
--------------------------------------------------------------
     0 | D:1      | Lennu the Formicid Fighter began the quest for the Orb.
     0 | D:1      | Reached XP level 1. HP: 18/18 MP: 1/1
   116 | D:1      | Reached XP level 2. HP: 20/24 MP: 2/2
   335 | D:1      | Reached skill level 4 in Shields
   498 | D:1      | Reached XP level 3. HP: 27/29 MP: 3/3
   978 | D:2      | Reached XP level 4. HP: 35/35 MP: 4/4
  1007 | D:2      | Reached skill level 1 in Dodging
  1199 | D:3      | Noticed Terence
  1206 | D:3      | Killed Terence
  1206 | D:3      | Reached XP level 5. HP: 28/42 MP: 5/5
  1848 | D:3      | Reached skill level 5 in Shields
  2090 | D:4      | Noticed Goudai's ghost (novice GrWz)
  2130 | D:4      | Killed Goudai's ghost
  2130 | D:4      | Reached XP level 6. HP: 15/48 MP: 6/6
  2130 | D:4      | Reached XP level 7. HP: 17/54 MP: 7/7
  2437 | D:4      | Found an oddly glowing altar of Pakellas.
  2600 | D:4      | Reached skill level 5 in Armour
  3033 | D:4      | Noticed Edmund
  3044 | D:4      | Reached skill level 6 in Shields
  3079 | D:4      | Killed Edmund
  3079 | D:4      | Reached XP level 8. HP: 48/61 MP: 8/8
  3388 | D:4      | Reached skill level 5 in Fighting
  3737 | D:4      | Found a radiant altar of Vehumet.
  3737 | D:4      | Found an ancient bone altar of Kikubaaqudgha.
  3738 | D:4      | Found a deep blue altar of Sif Muna.
  3753 | D:4      | Identified Kikubaaqudgha's Guide on Evil
  3799 | D:5      | Entered Level 5 of the Dungeon
  4155 | D:5      | Reached skill level 7 in Shields
  4166 | D:5      | Reached XP level 9. HP: 38/68 MP: 9/9
  4170 | D:5      | Found a snail-covered altar of Cheibriados.
  4468 | D:5      | Found a glowing drain.
  4496 | Sewer    | Entered a sewer
  5151 | D:5      | Noticed Eustachio
  5194 | D:5      | Killed Eustachio
  5194 | D:5      | Reached skill level 5 in Maces & Flails
  5313 | D:5      | Noticed Blork the orc
  5322 | D:5      | Killed Blork the orc
  5322 | D:5      | Reached skill level 5 in Dodging
  5426 | D:5      | Found a bloodstained altar of Trog.
  5870 | D:5      | Quit the game

Skill      XL: |  1  2  3  4  5  6  7  8  9 |
---------------+----------------------------+-----
Shields        | 4 5 6 7 |  7.7
Dodging        | 1 2 3 4 5 |  5.1
Armour         | 4 5 6 |  6.7
Fighting       | 4 5 |  5.9
Maces & Flails | 3 4 5 |  5.0

Action                   |  1- 3 |  4- 6 |  7- 9 || total
-------------------------+-------+-------+-------++-------
Melee: Flail             |    15 |       |       ||    15
       Whip              |    93 |   125 |   457 ||   675
 Abil: Dig               |       |       |     1 ||     1
  Use: Scroll            |       |     3 |     8 ||    11
       Potion            |       |     4 |     4 ||     8
  Eat: Chunk             |       |     4 |     5 ||     9
       Bread ration      |       |       |     3 ||     3
Armor: Scale mail        |    34 |    26 |   114 ||   174
Dodge: Dodged            |    36 |    34 |   154 ||   224
Block: Shield            |    49 |    49 |   207 ||   305
